 Dungeon Crawl Stone Soup version 0.31-a0-231-g51bb95cda3 (webtiles) character file.

Game seed: 15174175048943099492

2148 qw the Skirmisher (level 9, -10/55 HPs)
             Began as a Gargoyle Hexslinger on July 6, 2023.
             Was a Follower of Okawaru.
             Mangled by a yak (13 damage)
             ... on level 7 of the Dungeon.
             The game lasted 00:02:18 (5371 turns).

qw the Skirmisher (Gargoyle Hexslinger)             Turns: 5371, Time: 00:02:19

Health: -10/55     AC: 19    Str: 11    XL:     9   Next: 31%
Magic:  10/12      EV: 15    Int: 18    God:    Okawaru [*.....]
Gold:   432        SH:  0    Dex: 16    Spells: 9/10 levels left

rFire   . . .        Y - +3 longbow (flame)
rCold   . . .        (shield currently unavailable)
rNeg    + . .        a - +1 steam dragon scales
rPois   inf          g - +2 helmet {Int+3}
rElec   +            (no cloak)
rCorr   .            b - +1 pair of gloves
SInv    .            (no boots)
Will    .....        (no amulet)
Stlth   +++          (no ring)
HPRegen 0.29/turn    (no ring)
MPRegen 0.13/turn

%: no passive effects
@: heroic
A: sickness immunity, AC +6, negative energy resistance 1, electricity
resistance, torment resistance 1, petrification resistance
a: Renounce Religion, Heroism


You were on level 7 of the Dungeon.
You worshipped Okawaru.
Okawaru was aware of your devotion.
You visited 2 branches of the dungeon, and saw 9 of its levels.

You collected 432 gold pieces.


Innate Abilities, Weirdness & Mutations

You are immune to sickness and miasma.
Your stone body is resilient. (AC +6)
You are immune to poison.
You resist negative energy. (rN+)
You are resistant to electric shocks. (rElec)
You are resistant to unholy torment.
You are immune to petrification.


   Skills:
 - Level 6.1(11.1) Fighting
 + Level 9.6(14.6) Ranged Weapons
 - Level 2.6(7.6) Armour
 - Level 2.0(7.0) Dodging
 - Level 1.0 Spellcasting
 - Level 2.6 Hexes
 - Level 4.1 Invocations


You had 9 spell levels left.
You knew the following spells:

 Your Spells              Type           Power      Damage    Failure   Level
a - Slow                  Hex            40%        N/A       7%          1

Your spell library contained the following spells:

 Spells                   Type           Power      Damage    Failure   Level
 Inner Flame              Hex/Fire       5%         N/A       34%         3
 Portal Projectile        Hex/Tloc       10%        N/A       34%         3
 Cause Fear               Hex            5%         N/A       54%         4

Inventory:

Hand Weapons
 Y - a +3 longbow of flaming (weapon)
Armour
 a - +1 steam dragon scales (worn)
 b - a +1 pair of gloves (worn)
 g - a +2 helmet of intelligence (worn)
Scrolls
 d - 2 scrolls of identify
Potions
 c - 4 potions of curing
 f - 2 potions of might
 i - 3 potions of mutation

Dungeon Overview and Level Annotations

Branches:
Dungeon (8/15)             Temple (1/1) D:4
   Lair: D:8-11

Altars:
Ashenzari
Cheibriados
Dithmenos
Elyvilon
Fedhas
Gozag
Hepliaklqana
Kikubaaqudgha
Makhleb
Okawaru
Qazlal
Sif Muna
Trog
Uskayaw
Wu Jian
Xom
Zin
The Shining One


Message History

What level of the Dungeon? (default 1, ? - help)
There is an open door here.
There is an open door here.
There is a stone staircase leading down here.
You climb downwards.
The yak bellows! x2; The hornet buzzes angrily.
Found 4 poisoned darts.
There is a stone staircase leading up here.
There are monsters nearby!
Waypoint 8 assigned to D:8.
You shoot an arrow.
The arrow hits the yak but does no damage.
You shoot an arrow. The arrow barely misses the yak.
The hornet closely misses you. The yak gores you but does no damage.
You shoot an arrow. The arrow hits the hornet!
The arrow burns the hornet!
The hornet is severely wounded.
The hornet stings you but does no damage.
The yak gores you! The hornet closely misses you.
The yak gores you but does no damage.
5366 ||| STAIRDANCE The hornet completely misses you.
The yak gores you! The yak gores you but does no damage.
The hornet closely misses you.
You climb upwards.
There is a stone staircase leading down here.
5368 ||| INVOKING Heroism.
You gain the combat prowess of a mighty hero.
The yak gores you! x2; The hornet barely misses you.
You shoot an arrow. The arrow hits the hornet!
The arrow burns the hornet.
The hornet is almost dead.
The hornet stings you! The yak completely misses you.
The yak gores you but does no damage.
The hornet stings you but does no damage.
You shoot an arrow. The arrow hits the hornet.
The arrow burns the hornet.
The hornet is almost dead.
The yak barely misses you. The yak gores you.
The hornet stings you but does no damage.
You shoot an arrow. The arrow hits the hornet!
The arrow burns the hornet.
You kill the hornet!
Okawaru accepts your kill. The yak gores you but does no damage.
The yak gores you!
You die...

.....# #.....#...#..........
.....# #.....#...#..........
.....# #.....#...##...##....
.....########.....#...#######....
.............#'####...#..........
..........<..#...#....'..........
.............#...#....#..........
............)#.%Y#....#..........
.............#..@#######...##....
.............#.Y.#.....######....
.............#...#.....#....#....
.............#####.....#...)))...
######'######..........+....#....
#.......#..........######....
#....!..#..........#...##....
#.......#..........#.........
#.......#..........#.........


You could see 2 yaks.

Vanquished Creatures
  A hornet (D:7)
  Prince Ribbit (D:7)
  A steam dragon (D:6)
  Menkaure (D:7)
  2 ice beasts (D:7)
  A sky beast (D:7)
  A black bear (D:5)
  An ogre (D:5)
  2 centaurs
  A bullfrog (D:7)
  A scorpion (D:4)
  A gnoll sergeant (D:6)
  5 wights (D:7)
  3 howler monkeys
  5 hounds
  A jelly (D:6)
  3 iguanas
  2 orc wizards
  4 gnolls (D:6)
  4 adders
  2 shadow imps
  A white imp (D:7)
  3 ufetubi
  2 worms (D:2)
  A dart slug (D:1)
  16 orcs
  9 ball pythons
  5 endoplasms
  5 giant cockroaches
  13 goblins
  3 hobgoblins
  10 jackals
  3 quokkas
  9 bats
  4 frilled lizards
  8 kobolds
  4 rats
139 creatures vanquished.

Vanquished Creatures (others)
  An orc wizard (D:7)
  An ufetubus (D:6)
2 creatures vanquished.

Grand Total: 141 creatures vanquished

Notes
Turn   | Place    | Note
-------+----------+-------------------------------------------
     0 | D:1      | qw the Gargoyle Hexslinger began the quest for the Orb.
     0 | D:1      | Reached XP level 1. HP: 12/12 MP: 2/2
     0 | D:1      | 0 ||| qw: Version: 0.3-a-46-gb1f654a
     0 | D:1      | 0 ||| qw: Game counter: 1860
     0 | D:1      | 0 ||| qw: Melee chars always use a shield: true
     0 | D:1      | 0 ||| qw: God list: Okawaru
     0 | D:1      | 0 ||| qw: Allow faded altars: false
     0 | D:1      | 0 ||| qw: Do Orc after clearing Dungeon:15 true
     0 | D:1      | 0 ||| qw: Do second Lair branch before Depths: true
     0 | D:1      | 0 ||| qw: Lair rune preference: random
     0 | D:1      | 0 ||| qw: Goals: Normal
     0 | D:1      | 0 ||| PLANNING D:1-11
    23 | D:1      | 23 ||| Stepping ~*~*~tactically~*~*~ (outnumbered).
    25 | D:1      | 25 ||| Stepping ~*~*~tactically~*~*~ (outnumbered).
    38 | D:1      | HP: 3/12 [frilled lizard (2)]
   178 | D:1      | Reached XP level 2. HP: 16/16 MP: 3/3
   217 | D:1      | Found a faded altar of an unknown god.
   252 | D:1      | Reached skill level 3 in Ranged Weapons
   578 | D:1      | Reached XP level 3. HP: 21/21 MP: 4/4
   646 | D:1      | 646 ||| UPGRADING to +0 ring mail.
   656 | D:1      | 656 ||| DROPPING +0 robe.
   657 | D:1      | 657 ||| READING 2 scrolls labelled KOIF WIQOKK.
   658 | D:1      | 658 ||| READING scroll labelled LADEAR OCZU.
   659 | D:1      | 659 ||| READING scroll labelled XISCHI REAPH.
   660 | D:1      | 660 ||| DROPPING scroll of vulnerability.
   661 | D:1      | 661 ||| DROPPING scroll of poison.
  1095 | D:2      | Reached XP level 4. HP: 26/26 MP: 5/5
  1339 | D:2      | Reached skill level 4 in Ranged Weapons
  1414 | D:2      | 1414 ||| READING scroll labelled OBRADGH AN AHI.
  1417 | D:2      | 1417 ||| READING 2 scrolls labelled IBRA UROTESA.
  1418 | D:2      | 1418 ||| DRINKING 3 yellow potions.
  1419 | D:2      | 1419 ||| DRINKING 2 bubbling brown potions.
  1420 | D:2      | 1420 ||| READING 3 scrolls of identify.
  1420 | D:2      | 1420 ||| IDENTIFYING black potion
  1421 | D:2      | 1421 ||| DROPPING scroll of fog.
  1602 | D:3      | Reached skill level 1 in Armour
  1821 | D:3      | Reached XP level 5. HP: 18/30 MP: 6/6
  1926 | D:3      | Identified the +7 falchion of Oqooruf {spect, rN+ Will-
                  | rCorr}
  2152 | D:3      | Found a burning altar of Makhleb.
  2331 | D:3      | 2331 ||| UPGRADING to +2 helmet of intelligence.
  2336 | D:3      | 2336 ||| READING scroll labelled ZAICZI MEKHLOCO.
  2337 | D:3      | 2337 ||| READING scroll labelled BUKADA UZXOELEYR.
  2429 | D:4      | Found a staircase to the Ecumenical Temple.
  2430 | D:4      | 2430 ||| PLANNING TEMPLE
  2430 | D:4      | 2430 ||| DROPPING ring of wizardry.
  2439 | Temple   | Entered the Ecumenical Temple
  2579 | Temple   | 2579 ||| PLANNING D:1-11
  2721 | D:4      | Reached skill level 5 in Ranged Weapons
  2958 | D:4      | Reached skill level 3 in Fighting
  2958 | D:4      | Reached XP level 6. HP: 28/38 MP: 7/7
  3284 | D:4      | 3284 ||| READING scroll labelled KENWOV PAIRO.
  3284 | D:4      | Identified a scroll of acquirement
  3284 | D:4      | 3284 ||| ACQUIRING +3 longbow of flaming
  3284 | D:4      | Acquired a +3 longbow of flaming
  3286 | D:4      | 3286 ||| SWAPPING to +3 longbow of flaming.
  3287 | D:4      | 3287 ||| DROPPING +2 sling.
  3318 | D:5      | Entered Level 5 of the Dungeon
  3366 | D:5      | 3366 ||| FLEEEEING.
  3367 | D:5      | 3367 ||| FLEEEEING.
  3371 | D:5      | 3371 ||| STAIRDANCE
  3428 | D:5      | Reached skill level 6 in Ranged Weapons
  3433 | D:5      | Reached XP level 7. HP: 40/43 MP: 8/8
  3480 | D:5      | Found an iron altar of Okawaru.
  3481 | D:5      | 3481 ||| PLANNING OKAWARU WORSHIP
  3485 | D:5      | Became a worshipper of Warmaster Okawaru
  3486 | D:5      | 3486 ||| PLANNING D:1-11
  3492 | D:5      | Reached skill level 7 in Ranged Weapons
  3503 | D:5      | Found a white marble altar of Elyvilon.
  3510 | D:5      | Found a bloodstained altar of Trog.
  3511 | D:5      | Found a shadowy altar of Dithmenos.
  3568 | D:5      | You fall into a shaft and drop 2 floors!
  3600 | D:7      | 3600 ||| Stepping ~*~*~tactically~*~*~ (outnumbered).
  3815 | D:7      | 3815 ||| UPGRADING to +0 pair of gloves.
  3820 | D:7      | 3820 ||| READING scroll labelled LIUCAI ZETRUHITA.
  3821 | D:7      | 3821 ||| READING 5 scrolls of identify.
  3821 | D:7      | 3821 ||| IDENTIFYING fizzy cyan potion
  3857 | D:6      | HP: 9/43 [gnoll sergeant/+2 trident of flaming (8)]
  3858 | D:6      | 3858 ||| DRINKING potion of heal wounds.
  3860 | D:6      | Reached XP level 8. HP: 19/48 MP: 9/9
  3862 | D:6      | Reached * piety under Okawaru
  3863 | D:6      | 3863 ||| INVOKING Heroism.
  3863 | D:6      | HP: 12/48 [gnoll/+0 whip[a gnoll sergeant] (3)]
  3992 | D:6      | Found a hide-covered altar of Uskayaw.
  4065 | D:6      | 4065 ||| READING scroll labelled UFFUUT YSOSCH.
  4073 | D:6      | Reached skill level 8 in Ranged Weapons
  4290 | D:5      | 4290 ||| READING 5 scrolls of identify.
  4290 | D:5      | 4290 ||| IDENTIFYING clear potion
  4291 | D:5      | 4291 ||| DROPPING potion of ambrosia.
  4387 | D:6      | 4387 ||| READING scroll of enchant armour.
  4387 | D:6      | 4387 ||| ENCHANTING +0 pair of gloves.
  4475 | D:6      | Reached skill level 1 in Invocations
  4527 | D:6      | 4527 ||| INVOKING Heroism.
  4705 | D:6      | 4705 ||| UPGRADING to +0 steam dragon scales.
  4715 | D:6      | 4715 ||| DROPPING +0 ring mail.
  4716 | D:6      | 4716 ||| READING 4 scrolls of identify.
  4716 | D:6      | 4716 ||| IDENTIFYING silvery potion
  4717 | D:6      | 4717 ||| DROPPING potion of lignification.
  4798 | D:7      | Noticed Menkaure
  4799 | D:7      | 4799 ||| INVOKING Heroism.
  4802 | D:7      | Killed Menkaure
  4803 | D:7      | Reached skill level 3 in Invocations
  4877 | D:7      | Reached skill level 9 in Ranged Weapons
  4877 | D:7      | Reached XP level 9. HP: 41/54 MP: 10/12
  4885 | D:7      | 4885 ||| INVOKING Heroism.
  5016 | D:7      | Reached skill level 6 in Fighting
  5103 | D:7      | Noticed Prince Ribbit
  5104 | D:7      | 5104 ||| INVOKING Heroism.
  5111 | D:7      | Killed Prince Ribbit
  5126 | D:7      | 5126 ||| READING scroll of enchant armour.
  5126 | D:7      | 5126 ||| ENCHANTING +0 steam dragon scales.
  5341 | D:7      | 5341 ||| READING scroll labelled EROTEBE NAIN.
  5342 | D:7      | 5342 ||| READING 3 scrolls of identify.
  5342 | D:7      | 5342 ||| IDENTIFYING dark potion
  5343 | D:7      | 5343 ||| DROPPING potion of degeneration.
  5362 | D:8      | Noticed a hornet
  5366 | D:8      | 5366 ||| STAIRDANCE
  5368 | D:7      | 5368 ||| INVOKING Heroism.
  5369 | D:7      | HP: 6/55 [hornet (11)]
  5371 | D:7      | Killed a hornet
  5371 | D:7      | Mangled by a yak

Levels and vault maps discovered:
D:1:      heliophobic_arrival_henge, layout_basic,
          ebering_ecumenical_altar_ruins
D:2:      layout_loops_ring
D:3:      layout_basic, nicolae_overflow_crystal_walls,
          chequers_serial_rivers_micro_c, chequers_serial_rivers_small_b
D:4:      layout_gridville, minmay_temple_entry_mist
D:5:      layout_rooms, okawaru_trees_1, gammafunk_temple_overflow_forgotten
D:6:      layout_basic, mainiacjoe_overflow_tiny_flanked
D:7:      layout_gridville, uniq_menkaure, uniq_prince_ribbit1
D:8:      layout_basic, minmay_ruffians, uniq_maggie
Temple:   hellmonk_temple_flake

Skill      XL: |  1  2  3  4  5  6  7  8  9 |
---------------+----------------------------+-----
Ranged Weapons | 3 4 5 6 7 9 |  9.6
Fighting       | 2 3 4 5 6 |  6.1
Armour         | 1 2 |  2.6
Invocations    | 4 |  4.1
Dodging        | 2 |  2.0
Spellcasting   | |  1.0
Hexes          | |  2.6

Action                     |  1- 3 |  4- 6 |  7- 9 || total
---------------------------+-------+-------+-------++-------
   Fire: Sling             |   125 |   209 |       ||   334
         Longbow           |       |    39 |   144 ||   183
 Invoke: Heroism           |       |       |     6 ||     6
    Use: Scroll            |     3 |     6 |     9 ||    18
         Potion            |       |     2 |     1 ||     3
 Armour: Robe              |    12 |       |       ||    12
         Ring mail         |    15 |   129 |    21 ||   165
         Steam dragon scal |       |       |    15 ||    15
  Dodge: Dodged            |    40 |   135 |    48 ||   223

Table legend:
 A = Non-vault XP
 B = Vault XP
 C = Vault XP percentage of total XP
 D = Non-vault monster count
 E = Vault monster count
 F = Vault count percentage of total count
                 A         B        C        D         E       F
            +---------+---------+-------+---------+---------+-------
      Total |    2934 |     423 |  12.6 |     138 |       2 |   1.4
            +---------+---------+-------+---------+---------+-------
        D:1 |      37 |       0 |   0.0 |      23 |       0 |   0.0
        D:2 |      60 |       0 |   0.0 |      26 |       0 |   0.0
        D:3 |      92 |       0 |   0.0 |      24 |       0 |   0.0
        D:4 |     167 |       0 |   0.0 |      15 |       0 |   0.0
        D:5 |     547 |       0 |   0.0 |      19 |       0 |   0.0
        D:6 |     610 |       0 |   0.0 |      12 |       0 |   0.0
        D:7 |    1421 |     423 |  22.9 |      19 |       2 |   9.5
            +---------+---------+-------+---------+---------+-------
